Match 38847520
Unlisted

Match 38847520
End
Royal Engineer Section
Selects Heavy Armor Battlegroup
Royal Engineer Section
Royal Engineer Section
Construct Field Infirmary
Selects Rigorous Vehicle Training
Construct Section Command Post
Royal Engineer Section
Construct Platoon Command Post
Selects Crusader AA Medium Tank
Crusader AA Medium Tank
The White Mandingo
Geralt Of Rivia
rsmelo
qZeto
BIOHAZARD
Gorgolo
0
0

Comments sign in to comment!

No comments posted yet!